 Dungeon Crawl Stone Soup version 0.28.0-47-ge53b351184 (webtiles) character file.

Game seed: 16239893121955053058

79 DildoBatman the Conjurer (level 4, 0/30 HPs)
             Began as a Formicid Conjurer on May 7, 2022.
             Slain by a gnoll
             ... wielding a +0 whip
              (6 damage)
             ... on level 2 of the Dungeon.
             The game lasted 00:03:13 (1243 turns).

DildoBatman the Conjurer (Formicid Conjurer)        Turns: 1243, Time: 00:03:14

Health: 0/30       AC:  2    Str: 12    XL:     4   Next: 62%
Magic:  7/7        EV: 12    Int: 17    God:
Gold:   54         SH:  0    Dex: 11    Spells: 4/7 levels left

rFire   . . .      SeeInvis +   a - +7 mace of Variability {chain chaos}
rCold   . . .      Faith    .   (no shield)
rNeg    . . .      Spirit   .   e - +0 robe
rPois   .          Reflect  .   (helmet unavailable)
rElec   .          Harm     .   (no cloak)
rCorr   .          Rampage  .   (no gloves)
Will    .....                   (no boots)
Stlth   ++........              (no amulet)
HPRegen 0.10/turn               (no ring)
MPRegen 0.10/turn               (no ring)

@: no status effects
A: permanent stasis, dig shafts and tunnels, antennae 3, four strong arms
a: Dig, Shaft Self


You were on level 2 of the Dungeon.
You visited 1 branch of the dungeon, and saw 2 of its levels.

You collected 54 gold pieces.

Inventory:

Hand Weapons
 a - the +7 mace of Variability (weapon) {chain chaos}
   (You found it on level 2 of the Dungeon)

   Each time it hits an enemy it has a different, random effect.
   It occasionally unleashes arcs of chaos on nearby creatures upon striking a
   foe.
 d - a +0 short sword
Missiles
 f - 45 stones
 g - 19 bolts
Armour
 e - a +0 robe (worn)
Scrolls
 b - a scroll of teleportation {unknown}
 c - 2 scrolls of identify {unknown}
 h - a scroll of fog {unknown}
Potions
 i - a potion of curing {unknown}


   Skills:
 - Level 1.7 Dodging
 - Level 2.4 Stealth
 - Level 2.1 Spellcasting
 * Level 5.2 Conjurations


You had 4 spell levels left.
You knew the following spells:

 Your Spells              Type           Power      Damage    Failure   Level
a - Searing Ray           Conj           38%        2d5       3%          2
c - Magic Dart            Conj           76%        1d6       2%          1

Your spell library contained the following spells:

 Spells                   Type           Power      Damage    Failure   Level
 Dazzling Flash           Conj/Hex       20%        N/A       21%         3
 Fulminant Prism          Conj/Hex       5%         3d7       54%         4
 Iskenderun's Mystic Bla  Conj/Tloc      10%        2d4       54%         4


Dungeon Overview and Level Annotations

Branches:
Dungeon (2/15)

Altars:

Annotations:
D:2 Robin


Innate Abilities, Weirdness & Mutations

You cannot be hasted, slowed, berserked, paralysed or teleported.
You can dig through walls and to a lower floor.
You have a pair of large antennae on your head. (SInv)
Your four strong arms can wield two-handed weapons with a shield.


Message History

You hit the quokka.
You feel better.
The mace of Variability scintillates.
A swirling arc of seething chaos appears!
The arc of chaos hits the quokka!
You kill the quokka!
The arc of chaos hits the frilled lizard!
You kill the frilled lizard!
The arc of chaos hits the adder!
The adder is almost dead.
The adder hisses angrily.
The arc of chaos hits the adder.
The adder is drained!
You kill the adder!
No target in view!
No target in view!
No target in view!
No target in view!
No target in view!
No target in view!
You sense a monster nearby.
You sense a monster nearby.
You sense a monster nearby.
A gnoll comes into view.
It is wielding a +0 flail. 2 gnolls come into view.
A gnoll comes into view. It is wielding a +0 flail.
The gnoll shouts! x3
You sock the gnoll! Lightning courses through the gnoll!
You kill the gnoll!
The gnoll hits you from afar with a +0 spear!
The gnoll barely misses you.
Things that are here:
a +0 flail; a gnoll corpse You closely miss the gnoll.
The gnoll completely misses you. The gnoll hits you with a +0 whip!
The gnoll hits you from afar with a +0 spear.
The gnoll hits you with a +0 whip.
You die...

... .# .. ...
##.##.# ......
#...# # ###...#
# ##.....# #
##...@g.# #
##..##.g...... #
#....##g...... #
#..##..##......
####
#..##....#######
...###
#..##..##..##
##>..##..##...
##..##
##.###..##..##
##..## ...#
{.##.†# ##..#


You could see 3 gnolls.

Vanquished Creatures
  3 gnolls
  2 adders (D:2)
  4 bats
  3 endoplasms
  6 goblins
  3 hobgoblins
  2 quokkas
  2 ball pythons
  A frilled lizard (D:2)
  2 kobolds (D:1)
  2 rats (D:2)
30 creatures vanquished.

Notes
Turn   | Place    | Note
-------+----------+-------------------------------------------
     0 | D:1      | DildoBatman the Formicid Conjurer began the quest for the
                  | Orb.
     0 | D:1      | Reached XP level 1. HP: 13/13 MP: 3/3
   432 | D:2      | Reached skill level 4 in Conjurations
   432 | D:2      | Reached XP level 2. HP: 17/19 MP: 0/5
   454 | D:2      | Learned a level 2 spell: Searing Ray
   460 | D:2      | Noticed Robin
   519 | D:2      | Found the +7 mace of Variability {chain chaos}
   598 | D:1      | Reached XP level 3. HP: 24/24 MP: 6/6
  1146 | D:2      | Reached XP level 4. HP: 24/30 MP: 1/7
  1168 | D:2      | Reached skill level 5 in Conjurations
  1243 | D:2      | Slain by a gnoll

Illustrated notes

Levels and vault maps discovered:
D:1:      minmay_arrival_cross, layout_basic
D:2:      minmay_alternating_diamond, layout_loops_cross, minmay_door_square,
          uniq_robin

Skill      XL: |  1  2  3  4 |
---------------+-------------+-----
Conjurations   | 4 5 |  5.2
Dodging        | |  1.7
Stealth        | |  2.4
Spellcasting   | |  2.1

Action                   |  1- 3 |  4- 6 || total
-------------------------+-------+-------++-------
Melee: Short sword       |     3 |       ||     3
       Great mace        |     5 |    12 ||    17
 Cast: Magic Dart        |    30 |     1 ||    31
       Searing Ray       |     3 |       ||     3
 Stab: Sleeping          |     3 |     1 ||     4
Armor: Robe              |     2 |     3 ||     5
Dodge: Dodged            |    16 |     7 ||    23
